Map: Acid Plant LE

Players

drumhead

  • Race: Protoss Protoss
  • Spawn Location: 5:00

PiLiPiLi - Winner!

  • Race: Protoss Protoss
  • Spawn Location: 11:00

Event: WCS Austin 2018

VOD

Have the link to the VOD?

Description

Time

  • Played on: June 1, 2018, 3:11 p.m.
  • Length: 6:14

All games in this series

Show
View Real Time Build Order
Export as new Build Order

drumhead Protoss 

Build Orders: Zealot Archon, Dark Templar Rush 

Get SALT Encoding   

  12  0:01  Probe  
  13  0:13  Probe  
  14  0:17  Pylon  
  14  0:25  Probe  
  15  0:35  Probe  
  15  0:38  Gateway  
  16  0:43  Probe  
  16  0:44  Assimilator  
  17  0:51  Probe  
  18  1:01  Assimilator  
  18  1:03  Probe  
  19  1:12  Gateway  
  19  1:16  Probe  
  20  1:25  Probe, Cybernetics Core  
  21  1:33  Probe  
  22  1:40  Pylon  
  22  1:42  Probe  
  23  1:53  Warp Gate  
  23  1:58  Probe  
  24  2:02  Adept  
  24  2:03  Adept  
  28  2:16  Pylon  
  28  2:29  Stalker  
  30  2:34  Stalker  
  32  2:41  Twilight Council  
  32  2:53  Stalker  
  32  2:56  Probe  
  33  2:58  Pylon  
  33  3:03  Shield Battery  
  35  3:09  Stalker  
  37  3:19  Dark Shrine  
  37  3:30  Charge  
  37  3:40  Probe  
  38  3:45  Shield Battery  
  38  4:09  Pylon  
  30  4:33  Gateway  
  30  4:35  Probe  
  30  4:36  Gateway  
  31  4:40  Dark Templar x2  
  33  4:47  Probe  
  34  4:55  Archon  
  34  4:59  Probe  
  35  5:18  Pylon  
  35  5:25  Probe, Nexus  
  36  5:31  Dark Templar x2  
  40  5:36  Archon  
  40  5:40  Zealot  
  42  5:46  Zealot  
Show
View Real Time Build Order
Export as new Build Order

PiLiPiLi Protoss - Winner!

Build Orders: Oracle Opening 

Get SALT Encoding   

  12  0:01  Probe  
  13  0:13  Probe  
  14  0:21  Pylon  
  14  0:25  Probe  
  15  0:35  Probe  
  15  0:41  Gateway  
  16  0:43  Probe  
  16  0:48  Assimilator  
  17  0:54  Probe  
  18  0:57  Assimilator  
  18  1:06  Probe  
  18  1:08  Gateway  
  19  1:18  Probe  
  20  1:28  Cybernetics Core  
  20  1:30  Probe  
  21  1:42  Probe, Pylon  
  22  1:54  Probe  
  23  2:01  Adept x2  
  23  2:06  Warp Gate  
  27  2:21  Pylon  
  27  2:25  Stalker, Stargate  
  27  2:27  Probe  
  30  2:36  Pylon  
  30  2:42  Probe  
  31  2:58  Probe  
  32  3:09  Oracle  
  32  3:11  Probe  
  33  3:16  Nexus  
  34  3:37  Probe  
  34  3:41  Shield Battery, Pylon  
  35  3:46  Oracle  
  35  3:53  Pylon  
  36  3:58  Probe  
  37  4:06  Robotics Facility  
  37  4:08  Pylon  
  37  4:10  Probe  
  37  4:17  Oracle  
  40  4:32  Probe  
  40  4:33  Probe  
  42  4:43  Stalker x2  
  46  4:46  Probe  
  46  4:47  Probe  
  46  4:50  Observer  
  48  4:58  Probe  
  48  4:59  Probe  
  51  5:08  Observer  
  51  5:10  Probe  
  51  5:11  Probe  
  54  5:20  Immortal  
  54  5:21  Gateway  
  54  5:22  Gateway, Probe  
  54  5:24  Gateway  
  55  5:30  Probe  
  55  5:33  Pylon  
  60  5:38  Sentry  
  62  5:49  Shield Battery  
  62  5:51  Shield Battery  
  62  5:52  Shield Battery  
  62  5:57  Zealot  
  68  6:06  Zealot  
Tags
 
Add a new tag
Caveats
  • Supply blocks, unpowered buildings, or Contaminate may cause inaccurate times.
  • Supply counts are checked every 10 seconds.